 Dungeon Crawl Stone Soup version 0.23-a0-650-ga4d50d4 (webtiles) character file.

39 Blackhawk the Charmwright (level 3, 0/24 HPs)
             Began as a Halfling Skald on Jan 4, 2019.
             Succumbed to an adder's poison
             ... on level 2 of the Dungeon.
             The game lasted 00:03:11 (1372 turns).

Blackhawk the Charmwright (Halfling Skald)          Turns: 1372, Time: 00:03:12

Health: 0/24       AC:  4    Str: 13    XL:     3   Next: 67%
Magic:  1/5        EV: 14    Int: 11    God:
Gold:   27         SH:  0    Dex: 13    Spells: 4/5 levels left

rFire    . . .     SeeInvis .   a - +0 short sword
rCold    . . .     Gourm    .   (shield restricted)
rNeg     . . .     Faith    .   h - +0 leather armour (curse)
rPois    .         Spirit   .   e - +0 helmet
rElec    .         Reflect  .   (no cloak)
rCorr    +         Harm     .   (no gloves)
MR       .....                  (no boots)
Stlth    +.........             (no amulet)
HPRegen  0.08/turn              k - ring of resist corrosion
MPRegen  0.09/turn              (no ring)

@: lethally poisoned (0 -> -7), infused (expiring), berserk cooldown, hasted and
slowed
A: small, mutation resistance 1
a: no special abilities


You were on level 2 of the Dungeon.
You were hungry.

You visited 1 branch of the dungeon, and saw 2 of its levels.

You collected 27 gold pieces.

Inventory:

Hand Weapons
 a - a +0 short sword (weapon)
Armour
 b - a +0 leather armour
 e - a +0 helmet (worn)
 h - a cursed +0 leather armour (worn)
Jewellery
 k - a ring of resist corrosion (left hand)
Scrolls
 c - a scroll of identify {unknown}
 i - a scroll of immolation {unknown}
Potions
 f - a potion of flight {unknown}
Comestibles
 d - 2 rations


   Skills:
 + Level 2.0 Fighting
 + Level 2.9 Short Blades
 + Level 1.7 Armour
 + Level 2.6 Dodging
 + Level 1.8 Spellcasting
 + Level 3.5 Charms


You had 4 spell levels left.
You knew the following spells:

 Your Spells              Type           Power        Failure   Level  Hunger
a - Infusion              Chrm           #...         9%          1    ##.....

Your spell library contained the following spells:

 Spells                   Type           Power        Failure   Level  Hunger
 Song of Slaying          Chrm           #.......     13%         2    ###....
 Shroud of Golubria       Chrm/Tloc      #.........   26%         2    ###....
 Regeneration             Chrm/Necr      #.........   47%         3    ####...
 Spectral Weapon          Hex/Chrm       #.......     47%         3    ####...


Dungeon Overview and Level Annotations

Branches:
Dungeon (2/15)

Altars:


Innate Abilities, Weirdness & Mutations

You are small and have problems with some larger weapons.
You are somewhat resistant to further mutation.


Message History

* * * LOW HITPOINT WARNING * * *
You feel sick. The adder bites you but does no damage.
You closely miss the adder.
The adder is almost dead.
Your magical infusion is running out.
The adder bites you.
* * * LOW HITPOINT WARNING * * *
You hit the adder!
You kill the adder!
* * * LOW HITPOINT WARNING * * *
You feel sick.
Found a scroll labeled HITI CIXIHEDI.
You feel a strong urge to attack something.
* * * LOW HITPOINT WARNING * * *
You feel sick.
You feel your anger nearly subside.
You are no longer berserk.
You are exhausted.
You feel yourself slow down.
It was a potion of haste.
You feel yourself speed up.
You die...

#.# #.# #.#
#.# #
#.########.##
#<#..........
#.#.......#
#.#...!...##.
#.#..@.......
#.#.......###
#...†.....#
##........#
#.######..#
#.# #.# #.#
.# #.# . #.#


There were no monsters in sight!

Vanquished Creatures
  An adder (D:2)
  An ooze (D:1)
  A ball python (D:1)
  A giant cockroach (D:1)
  A goblin (D:1)
  3 hobgoblins (D:1)
  5 kobolds (D:1)
  4 bats (D:1)
  3 frilled lizards (D:1)
  8 rats (D:1)
28 creatures vanquished.

Vanquished Creatures (others)
  4 toadstools (D:1)
4 creatures vanquished.

Grand Total: 32 creatures vanquished

Notes
Turn   | Place    | Note
-------+----------+-------------------------------------------
     0 | D:1      | Blackhawk the Halfling Skald began the quest for the Orb.
     0 | D:1      | Reached XP level 1. HP: 14/14 MP: 3/3
   420 | D:1      | Reached XP level 2. HP: 19/19 MP: 4/4
   624 | D:1      | Reached XP level 3. HP: 24/24 MP: 5/5
  1370 | D:2      | HP: 1/36 [poisoned by an adder]
  1372 | D:2      | Succumbed to an adder's poison

Vault maps used:
D:1:      ldierk_walled_garden_2
D:2:      minmay_tromino_v7

Skill      XL: |  1  2  3 |
---------------+----------+-----
Fighting       | 2 |  2.0
Short Blades   | |  2.9
Armour         | |  1.7
Dodging        | |  2.6
Spellcasting   | |  1.8
Charms         | |  3.5

Action                   || total
-------------------------++-------
Melee: Short sword       ||   115
 Cast: Infusion          ||     1
  Use: Potion            ||     2
  Eat: Chunk             ||     1
Armor: Leather armour    ||    36
Dodge: Dodged            ||    91

Table legend:
 A = Non-vault XP
 B = Vault XP
 C = Vault XP percentage of total XP
 D = Non-vault monster count
 E = Vault monster count
 F = Vault count percentage of total count
                 A         B        C        D         E       F
            +---------+---------+-------+---------+---------+-------
      Total |      56 |       0 |   0.0 |      28 |       0 |   0.0
            +---------+---------+-------+---------+---------+-------
        D:1 |      43 |       0 |   0.0 |      27 |       0 |   0.0
        D:2 |      13 |       0 |   0.0 |       1 |       0 |   0.0
            +---------+---------+-------+---------+---------+-------
